Map: Cyber Forest LE

Players

USAUSAUSA - Winner!

  • Race: Terran Terran
  • League: Master
  • Spawn Location: 5:00

Mez

  • Race: Terran Terran
  • League: Master
  • Spawn Location: 11:00

VOD

Have the link to the VOD?

Description

Time

  • Played on: July 30, 2019, 4:14 a.m.
  • Length: 13:14
Show
View Real Time Build Order
Export as new Build Order

USAUSAUSA Terran - Winner!

Build Orders:  

Get SALT Encoding   

  12  0:00  SCV  
  13  0:13  SCV  
  14  0:18  Supply Depot  
  14  0:25  SCV  
  15  0:29  Refinery  
  15  0:39  SCV  
  16  0:46  Barracks  
  16  0:51  SCV  
  16  0:55  Refinery  
  17  1:03  SCV  
  18  1:16  SCV  
  19  1:28  SCV  
  20  1:34  Factory  
  20  1:38  Reaper  
  21  1:40  SCV  
  21  1:46  Supply Depot  
  22  1:56  Orbital Command  
  22  2:10  Reaper  
  22  2:20  Hellion  
  22  2:22  SCV  
  25  2:34  SCV  
  26  2:41  Command Center  
  26  2:42  Reaper  
  27  2:46  Hellion  
  27  2:48  SCV  
  30  2:57  Starport  
  30  3:01  SCV  
  31  3:06  Supply Depot  
  31  3:07  Factory Tech Lab  
  31  3:18  Refinery  
  31  3:19  Barracks Reactor  
  31  3:27  SCV  
  31  3:34  Starport Tech Lab  
  35  3:39  SCV  
  36  3:47  Siege Tank  
  34  3:51  SCV  
  34  3:55  Orbital Command  
  35  3:56  Raven  
  37  4:03  SCV  
  37  4:08  Marine x2  
  40  4:16  SCV  
  41  4:17  Supply Depot  
  41  4:19  Siege Tank  
  41  4:22  SCV  
  45  4:28  SCV  
  45  4:29  Marine x2  
  48  4:34  SCV  
  49  4:40  SCV  
  50  4:46  Raven, SCV  
  53  4:55  Command Center  
  53  4:57  SCV  
  53  4:58  SCV  
  55  5:05  Siege Tank  
  58  5:09  SCV  
  58  5:11  SCV  
  60  5:14  Supply Depot  
  60  5:21  SCV  
  60  5:23  SCV  
  61  5:37  SCV  
  61  5:38  SCV  
  63  5:43  Siege Tank  
  63  5:48  Supply Depot  
  63  5:49  SCV  
  64  5:52  Marine  
  64  5:53  Viking x2  
  64  5:56  Stimpack  
  69  5:58  SCV  
  70  6:07  SCV  
  70  6:10  SCV  
  72  6:11  Supply Depot  
  72  6:15  Siege Tank  
  72  6:16  SCV  
  72  6:17  Barracks  
  76  6:18  Barracks  
  76  6:19  SCV  
  76  6:23  Viking x2  
  81  6:28  Marine  
  81  6:30  Orbital Command  
  82  6:33  Engineering Bay  
  82  6:36  Engineering Bay  
  82  6:39  SCV  
  83  6:46  Marine  
  84  6:47  Siege Tank  
  84  6:48  SCV  
  88  6:54  Armory  
  88  6:56  Viking, Refinery  
  88  6:59  SCV  
  91  7:02  SCV  
  91  7:03  Viking  
  94  7:08  Orbital Command  
  94  7:14  SCV x2  
  94  7:15  Barracks Reactor x2  
  96  7:26  Siege Tank  
  99  7:32  Marine  
  99  7:34  SCV  
  101  7:47  SCV  
  101  7:48  Supply Depot  
  101  7:49  Terran Infantry Armor Level 1, Terran Infantry Weapons Level 1, Supply Depot  
  101  7:50  Supply Depot  
  102  7:56  Barracks  
  102  7:57  Marine x3  
  102  7:58  Barracks  
  105  8:00  SCV  
  105  8:02  Missile Turret  
  106  8:05  Marine  
  106  8:07  SCV x2  
  106  8:10  Missile Turret  
  106  8:12  Siege Tank, SCV  
  113  8:18  Medivac x2  
  113  8:19  Marine  
  117  8:20  Marine x3  
  117  8:21  SCV x2  
  117  8:22  Missile Turret  
  117  8:23  Combat Shield  
  117  8:25  SCV  
  123  8:28  Marine  
  124  8:40  Refinery  
  124  8:41  SCV  
  125  8:42  Refinery  
  125  8:43  Marine x3  
  125  8:44  Barracks Reactor, Missile Turret, Siege Tank  
  125  8:46  Barracks  
  125  8:47  Barracks Reactor  
  130  8:50  SCV x2  
  130  8:51  Barracks  
  130  8:53  SCV  
  133  9:01  Marine x3  
  136  9:04  Missile Turret  
  136  9:05  Marine  
  136  9:07  Missile Turret, Command Center  
  136  9:08  Supply Depot x2  
  136  9:09  Terran Vehicle Weapons Level 1  
  137  9:15  Marine  
  138  9:18  Viking  
  138  9:21  Viking  
  136  9:26  Marine  
  136  9:27  Missile Turret  
  136  9:29  Marine x2  
  136  9:30  Marine  
  139  9:35  Marine x3  
  142  9:38  Barracks Reactor x2  
  142  9:45  Missile Turret  
  142  9:46  Terran Infantry Armor Level 2, Terran Infantry Weapons Level 2  
  142  9:47  Marine  
  142  9:48  Marine  
  144  9:53  Missile Turret  
  144  9:54  Marine x7  
  144  9:55  Missile Turret  
  144  9:59  Siege Tank  
  147  10:28  Marine x4  
  132  10:30  Marine  
  132  10:31  Siege Tank  
  132  10:32  Marine x6  
  132  10:33  Marine x2  
  100  10:46  Marine x4  
  100  10:48  Marine  
  90  10:51  Marauder  
  90  10:56  Marine  
  92  10:58  Marine x2  
  94  11:04  SCV  
  94  11:05  Command Center  
  94  11:06  SCV  
  94  11:10  Marine x5  
  99  11:12  Marauder  
  99  11:16  SCV  
  99  11:17  Siege Tank  
  99  11:18  SCV  
  106  11:19  Medivac  
  106  11:21  Orbital Command  
  107  11:28  SCV  
  104  11:33  Marine x2  
  104  11:34  Marauder  
  104  11:37  Viking  
  108  11:47  Marine x2  
  108  11:48  Viking  
  108  11:52  Marine x2  
  109  11:54  Marine  
  109  11:55  Marine x3  
  109  11:58  SCV  
  109  12:00  SCV x2  
  116  12:07  Siege Tank  
  114  12:26  Marine x3  
  114  12:27  Marine x5  
  114  12:28  Marine x2  
  124  12:33  Marine  
  124  12:34  Marine  
  121  12:37  Marine  
  121  12:39  Siege Tank  
  121  12:44  Marine  
  124  12:47  Orbital Command  
  124  12:49  SCV  
  124  12:50  Marine  
  124  12:51  Refinery, Marine x8  
  135  13:02  Command Center  
Show
View Real Time Build Order
Export as new Build Order

Mez Terran 

Build Orders: Reaper Expand 

Get SALT Encoding   

  12  0:00  SCV  
  13  0:13  SCV  
  14  0:17  Supply Depot  
  14  0:25  SCV  
  15  0:39  SCV  
  15  0:41  Barracks  
  16  0:44  Refinery  
  16  0:51  SCV  
  17  1:03  SCV  
  18  1:17  SCV  
  19  1:30  Reaper, Orbital Command  
  20  1:45  Command Center  
  20  1:57  Barracks  
  20  1:59  SCV  
  21  2:02  Barracks Reactor  
  21  2:15  Barracks  
  21  2:17  Supply Depot  
  21  2:19  SCV  
  22  2:31  SCV  
  23  2:40  Marine x2  
  23  2:43  SCV  
  26  2:46  Barracks Tech Lab  
  26  2:56  SCV  
  26  2:57  Orbital Command  
  26  2:58  Marine x2  
  29  3:03  Marine  
  29  3:05  Concussive Shells, Marauder  
  32  3:09  SCV  
  33  3:15  Marine x2  
  35  3:21  SCV, Marine  
  35  3:22  Supply Depot  
  35  3:24  SCV  
  38  3:29  Marauder  
  39  3:49  Marine x3  
  39  3:50  SCV x2  
  39  3:51  Supply Depot  
  39  3:53  Stimpack  
  39  3:54  Engineering Bay  
  44  4:00  Marine  
  45  4:04  SCV x2  
  45  4:07  Marine x3  
  50  4:16  SCV x2, Supply Depot  
  52  4:17  Factory  
  52  4:18  Marine  
  52  4:20  Missile Turret  
  53  4:25  Marine x3  
  53  4:30  Refinery  
  53  4:31  Refinery, SCV x2  
  58  4:36  Marine  
  59  4:42  Supply Depot  
  59  4:43  SCV x2  
  61  4:52  Marine x3  
  64  4:54  Marine  
  64  4:55  SCV x2  
  67  5:02  Starport, Factory Reactor  
  67  5:07  SCV x2  
  67  5:08  Supply Depot  
  69  5:16  Command Center, Marine x3  
  69  5:20  Marine  
  73  5:23  SCV  
  73  5:24  Terran Infantry Weapons Level 1  
  74  5:39  Marine  
  74  5:40  Marine x3  
  78  5:44  SCV x2  
  78  5:48  Medivac x2  
  84  5:56  Barracks  
  84  5:57  SCV x2, Barracks  
  84  6:03  Combat Shield, Supply Depot x2  
  86  6:09  SCV x2  
  84  6:16  Marine x2  
  86  6:18  Barracks Reactor  
  86  6:19  Marine  
  86  6:20  Medivac x2  
  86  6:23  SCV x2  
  92  6:34  Marine x2  
  92  6:36  Marine  
  94  6:40  Engineering Bay, Armory  
  94  6:41  Supply Depot  
  94  6:44  SCV x2, Supply Depot  
  96  6:52  Marine x2  
  98  6:56  Barracks Reactor  
  98  6:57  Marine x3  
  98  6:58  SCV x2  
  104  7:02  Orbital Command  
  103  7:10  SCV  
  103  7:14  Marine x3, Supply Depot  
  103  7:15  Marine, Medivac x2  
  110  7:17  SCV  
  110  7:22  SCV  
  110  7:27  Barracks Reactor  
  110  7:28  SCV  
  110  7:29  SCV  
  110  7:35  Marine x3  
  110  7:36  Marine x4  
  117  7:38  Terran Infantry Weapons Level 2  
  117  7:42  Terran Infantry Armor Level 1  
  117  7:49  Refinery  
  117  7:53  Marine x2  
  119  8:04  Marine x7  
  126  8:08  SCV  
  126  8:09  SCV x2  
  126  8:11  Marine  
  126  8:12  Barracks x3  
  129  8:23  Marine x7, Marauder  
  138  8:29  Marine  
  139  8:36  SCV x3  
  139  8:39  Supply Depot  
  139  8:40  Marine, Supply Depot  
  143  8:41  Supply Depot  
  143  8:42  Supply Depot  
  143  8:44  Marauder  
  143  8:47  Marine x5  
  150  8:52  Command Center  
  150  8:56  Marine x2  
  150  8:57  Medivac x2  
  150  8:58  Marine  
  157  9:05  Marine x2  
  159  9:13  Barracks Tech Lab x3  
  159  9:15  Barracks Reactor  
  159  9:16  Marine x2  
  159  9:17  Marine  
  161  9:19  Terran Vehicle And Ship Armor Level 1  
  161  9:23  SCV x3, Starport  
  165  9:24  Refinery  
  165  9:25  Starport  
  165  9:27  Supply Depot  
  165  9:31  Refinery  
  165  9:35  SCV  
  166  9:41  Missile Turret  
  166  9:42  Missile Turret  
  166  9:43  Missile Turret  
  166  9:44  Missile Turret  
  164  9:45  Missile Turret  
  164  10:07  Starport Reactor, Starport Tech Lab  
  164  10:13  Fusion Core, Marine  
  164  10:14  Marine x11, Marauder  
  166  10:15  Starport x2  
  166  10:18  Starport  
  166  10:19  Starport  
  167  10:31  Marine x4  
  167  10:32  Marine, Marauder x2  
  104  10:55  Marine, Marauder  
  104  10:56  Marine x7, Marauder x2  
  118  11:01  Advanced Ballistics  
  118  11:03  Starport Tech Lab  
  118  11:11  Medivac x5  
  116  11:14  Starport Tech Lab  
  118  11:20  Marine  
  118  11:21  Marine x9  
  127  11:32  Marine  
  127  11:33  Marine, Marauder  
  127  11:38  Marine  
  132  11:45  Command Center  
  132  11:50  Marine x4  
  132  11:51  Marine x2, Marauder  
  132  11:53  Marine x4  
  108  11:58  Marine x2  
  108  12:01  Liberator  
  108  12:08  Marine x6  
  92  12:16  Marine x3  
  92  12:17  Marauder  
  92  12:18  Viking  
  92  12:19  Viking x2  
  107  12:23  Planetary Fortress  
  107  12:28  Marine  
  107  12:29  Marine x3  
  101  12:34  Marine  
  91  12:41  Marine x3  
Tags
 
Add a new tag
Caveats
  • Supply blocks, unpowered buildings, or Contaminate may cause inaccurate times.
  • Supply counts are checked every 10 seconds.